 Dungeon Crawl Stone Soup version 0.29.0-4-gdea44cf6ec (webtiles) character file.

Game seed: 2565015331409791116

74 qw the Chopper (level 4, 0/26 HPs)
             Began as a Tengu Warper on Aug 28, 2022.
             Succumbed to an orc's poison
             ... on level 3 of the Dungeon.
             The game lasted 00:00:14 (2578 turns).

qw the Chopper (Tengu Warper)                       Turns: 2578, Time: 00:00:14

Health: 0/26       AC:  3    Str: 13    XL:     4   Next: 28%
Magic:  8/8        EV: 12    Int: 14    God:
Gold:   90         SH:  0    Dex: 13    Spells: 7/7 levels left

rFire   . . .      SeeInvis .   Y - +0 hand axe
rCold   . . .      Faith    .   (no shield)
rNeg    . . .      Spirit   .   b - +0 leather armour
rPois   .          Reflect  .   (helmet restricted)
rElec   .          Harm     .   (no cloak)
rCorr   .          Rampage  .   (no gloves)
Will    .....                   (boots unavailable)
Stlth   +.........              (no amulet)
HPRegen 0.08/turn               (no ring)
MPRegen 0.11/turn               (no ring)

@: lethally poisoned (0 -> -37)
A: beak, talons 3
a: no special abilities


You were on level 3 of the Dungeon.
You visited 1 branch of the dungeon, and saw 3 of its levels.

You collected 90 gold pieces.


Innate Abilities, Weirdness & Mutations

You have a beak for a mouth.
You have claws for feet.


   Skills:
 - Level 2.0 Fighting
 + Level 4.9 Axes
 - Level 1.0 Throwing
 - Level 1.1 Armour
 - Level 2.1 Dodging
 - Level 2.0 Spellcasting
 - Level 2.4 Translocations


You had 7 spell levels left.
You didn't know any spells.
Your spell library contained the following spells:

 Spells                   Type           Power      Damage    Failure   Level
 Blink                    Tloc           16%        N/A       17%         2
 Gell's Gravitas          Tloc           8%         N/A       34%         3
 Lesser Beckoning         Tloc           8%         N/A       34%         3
 Teleport Other           Tloc           8%         N/A       34%         3
 Manifold Assault         Tloc           8%         N/A       97%         5

Inventory:

Hand Weapons
 e - a +0 mace
 Y - a +0 hand axe (weapon)
Missiles
 i - 6 boomerangs (quivered)
Armour
 b - a +0 leather armour (worn)
Scrolls
 c - a scroll of identify
Potions
 a - a potion of haste {unknown}
 g - a potion of might
 k - a potion of resistance {unknown}

Dungeon Overview and Level Annotations

Branches:
Dungeon (3/15)

Altars:
Dithmenos

Shops:
D:1 :

Annotations:
D:1 2 runed translucent doors


Message History

The adder is severely wounded.
The adder closely misses you.
You barely miss the adder. You claw the adder.
You kill the adder!
You see here an adder corpse.
You now have 90 gold pieces (gained 3).
You open the door.
An endoplasm comes into view.
The endoplasm quivers.
Found a shadowy altar of Dithmenos.
Enter note: You hit the endoplasm.
The endoplasm is severely wounded.
The endoplasm hits you.
You hit the endoplasm.
You kill the endoplasm!
You start resting.
HP restored.
You open the door.
You hear the slow rusting of a drain nearby.
Found a stone staircase leading down.
There is a stone staircase leading down here.
An orc comes into view. It is wielding a +2 hand axe of venom.
Throw: 6 boomerangs
Press: ? - help, Q - select action Shift-Dir - straight line, f - orc You throw a boomerang.
The boomerang hits the orc but does no damage.
You barely miss the orc. Your peck misses the orc.
The orc hits you with a +2 hand axe of venom.
You are poisoned.
You hit the orc. Your kick misses the orc. Your peck misses the orc.
The orc is lightly wounded.
You feel very sick.
The orc hits you with a +2 hand axe of venom!
You are lethally poisoned!
The orc hits you with a +2 hand axe of venom.
You are more poisoned.
You closely miss the orc. You claw the orc.
The orc is almost dead.
You die...

...# #..# #..#
#... #..#
#..#######
#..o...... #@#
#.# ########.#
#..>.....#
#.######## #.#
#.# ##.##
###.#.###########


You could see an orc.

Vanquished Creatures
  3 adders
  A dart slug (D:2)
  2 bats
  6 endoplasms
  4 giant cockroaches (D:1)
  5 goblins
  2 hobgoblins
  7 jackals
  A ball python (D:2)
  2 frilled lizards
  4 kobolds
  3 rats
40 creatures vanquished.

Vanquished Creatures (others)
  4 demonic plants (D:1)
  A fungus (D:1)
  A plant (D:1)
  A withered plant (D:1)
7 creatures vanquished.

Grand Total: 47 creatures vanquished

Notes
Turn   | Place    | Note
-------+----------+-------------------------------------------
     0 | D:1      | qw the Tengu Warper began the quest for the Orb.
     0 | D:1      | Reached XP level 1. HP: 12/12 MP: 4/4
     0 | D:1      | 0 ||| qw: Version: 0.1-a-89-g26bdef1
     0 | D:1      | 0 ||| qw: Game counter: 849
     0 | D:1      | 0 ||| qw: Always use a shield: true
     0 | D:1      | 0 ||| qw: God list: Okawaru
     0 | D:1      | 0 ||| qw: Allow faded altars: false
     0 | D:1      | 0 ||| qw: Do Orc after D:15 true
     0 | D:1      | 0 ||| qw: Do second Lair branch before Depths: true
     0 | D:1      | 0 ||| qw: Lair rune preference: random
     0 | D:1      | 0 ||| qw: Plans: Normal
     0 | D:1      | 0 ||| PLANNING D:1-11
    58 | D:1      | Found a large runed translucent door.
    58 | D:1      | Found a large runed translucent door.
    68 | D:1      | Reached XP level 2. HP: 16/17 MP: 6/6
   130 | D:1      | Reached skill level 3 in Axes
   142 | D:1      | Found Qatoes's Book Emporium.
   565 | D:1      | Found a faded altar of an unknown god.
   639 | D:1      | 639 ||| Stepping ~*~*~tactically~*~*~ (stealth).
   641 | D:1      | 641 ||| Stepping ~*~*~tactically~*~*~ (stealth).
   658 | D:1      | HP: 1/17 [kobold/+0 club (4)]
  1296 | D:1      | 1296 ||| READING scroll labelled IGEUJICAFE.
  1297 | D:1      | 1297 ||| READING scroll labelled OTTOOC RUMEU.
  1298 | D:1      | 1298 ||| READING scroll labelled GOUT RUSHOIH.
  1365 | D:1      | 1365 ||| DRINKING 2 ruby potions.
  1366 | D:1      | 1366 ||| DROPPING scroll of blinking.
  1367 | D:1      | 1367 ||| DROPPING potion of flight.
  1458 | D:2      | Reached XP level 3. HP: 19/21 MP: 7/7
  1510 | D:2      | 1510 ||| DROPPING +0 club.
  1633 | D:2      | 1633 ||| Stepping ~*~*~tactically~*~*~ (stealth).
  1643 | D:2      | Reached skill level 4 in Axes
  2390 | D:2      | 2390 ||| READING 2 scrolls labelled OHOEPO FIDO.
  2391 | D:2      | 2391 ||| READING scroll labelled NUSAEP QOZAXEO.
  2392 | D:2      | 2392 ||| READING scroll labelled QIN HUIJUFOW.
  2393 | D:2      | 2393 ||| DRINKING 3 silvery potions.
  2394 | D:2      | 2394 ||| DRINKING 2 bubbling puce potions.
  2435 | D:2      | 2435 ||| READING 2 scrolls of identify.
  2435 | D:2      | 2435 ||| IDENTIFYING amethyst potion
  2436 | D:2      | 2436 ||| DROPPING 2 potions of attraction.
  2437 | D:2      | 2437 ||| DROPPING scroll of noise.
  2438 | D:2      | 2438 ||| DROPPING potion of lignification.
  2461 | D:3      | 2461 ||| PLANNING SEWER
  2492 | D:3      | Reached XP level 4. HP: 26/26 MP: 8/8
  2529 | D:3      | Found a shadowy altar of Dithmenos.
  2578 | D:3      | Succumbed to an orc's poison

Levels and vault maps discovered:
D:1:      erik_arrival_cave_to_civilisation [erik_arrival_cave_to_temple],
          layout_basic, shapermc_ecumenical_altar_gd, serial_shops,
          nicolae_shop_trees
D:2:      layout_basic
D:3:      layout_loops_ring, lemuel_doored_altar, serial_shops,
          nicolae_shop_waterfront, gup_sewer_entry_pipe, uniq_grinder

Skill      XL: |  1  2  3 |
---------------+----------+-----
Axes           | 3 4 |  4.9
Fighting       | |  2.0
Throwing       | |  1.0
Armour         | |  1.1
Dodging        | |  2.1
Spellcasting   | |  2.0
Translocations | |  2.4

Action                   |  1- 3 |  4- 6 || total
-------------------------+-------+-------++-------
Melee: Hand axe          |   103 |     9 ||   112
       Kick              |    23 |     2 ||    25
       Peck              |     5 |       ||     5
Throw: Boomerang         |    13 |     1 ||    14
  Use: Scroll            |     7 |       ||     7
       Potion            |     3 |       ||     3
Armor: Leather armour    |    34 |       ||    34
Dodge: Dodged            |    63 |     4 ||    67

Table legend:
 A = Non-vault XP
 B = Vault XP
 C = Vault XP percentage of total XP
 D = Non-vault monster count
 E = Vault monster count
 F = Vault count percentage of total count
                 A         B        C        D         E       F
            +---------+---------+-------+---------+---------+-------
      Total |     102 |       4 |   3.8 |      38 |       2 |   5.0
            +---------+---------+-------+---------+---------+-------
        D:1 |      29 |       4 |  12.1 |      17 |       2 |  10.5
        D:2 |      43 |       0 |   0.0 |      17 |       0 |   0.0
        D:3 |      30 |       0 |   0.0 |       4 |       0 |   0.0
            +---------+---------+-------+---------+---------+-------
